AoeStats
← C.C.

Nomad

509242650Analyzed
2v2 RM · 6d ago on Sep 26, 2026· 30m 20s· 4 players
Game mode
Random Map
Map size
176×176
Population
200
Speed
Normal
Resources
Standard
Victory
Conquest
Starting age
Dark Age
Ending age
Imperial Age
RankedLock teamsTeams togetherTeam positionsShared explorationLock speedFull tech treeHidden civsTurbo modeCheats
Victory
Defeat
🇨🇳 Danes · China
1299
+13
🇦🇷 Magyars · Argentina
1176
+19
🇲🇽 Varangians · Mexico
1236
-16
🇲🇽 Persians · Mexico
1236
-16
Mankito77
3:08 Loom
13:30 Feudal Age
17:38 Castle Age
17:52 Wheelbarrow
17:02 Town Watch
17:27 Gold Mining
20:18 Fletching
Marldox
3:40 Loom
12:39 Feudal Age
13:00 Double-Bit Axe
12:43 Man-at-Arms
18:56 Castle Age
18:38 Arson
19:38 Forging
19:54 Scale Mail Armor
19:20 Long Swordsman
20:25 Gambesons
20:39 Stone Mining
22:42 Chain Mail Armor
22:57 Squires
28:33 Iron Casting
28:52 Pikeman
C.C.
5:50 Loom
14:38 Feudal Age
19:00 Castle Age
19:02 Scale Mail Armor
Roy DeMeo
5:39 Loom
13:12 Feudal Age
15:53 Wheelbarrow
17:44 Castle Age
17:04 Double-Bit Axe
19:12 Bloodlines
19:18 Husbandry
19:25 Scale Barding Armor
19:17 Gold Mining
21:29 Horse Collar
Connection lost

Rejoining the realm…

Still unreachable

The connection could not be restored.

Session expired

The server has moved on; the page needs a fresh start.